 Dungeon Crawl Stone Soup version 0.28-a0-124-g73ec313a74 (webtiles) character file.

Game seed: 12086674642260783612

345 voltaire321 the Magician (level 6, 0/30 (35) HPs)
             Began as a Deep Elf Fire Elementalist on Aug 15, 2021.
             Was an Initiate of Vehumet.
             Slain by Duvessa (10 damage)
             ... on level 3 of the Dungeon.
             The game lasted 00:15:34 (3527 turns).

voltaire321 the Magician (DEFE)                     Turns: 3527, Time: 00:15:35

HP:   0/30 (35)     AC:  8    Str:  5    XL:     6   Next: 32%
MP:   14/14         EV: 13    Int: 22    God:    Vehumet [......]
Gold: 47            SH:  0    Dex: 15    Spells: 6/14 levels left

rFire   + + .      SeeInvis .   d - +3 Elemental Staff {rElec rF++ rC++ Will++ AC+5}
rCold   + + .      Faith    .   (no shield)
rNeg    + . .      Spirit   .   a - +0 robe
rPois   .          Reflect  .   (no helmet)
rElec   +          Harm     .   (no cloak)
rCorr   .          Rampage  .   k - +0 pair of gloves
Will    ++...                   (no boots)
Stlth   ++........              e - amulet of the acrobat
HPRegen 0.10/turn               g - ring of positive energy
MPRegen 0.14/turn               (no ring)

@: mighty, heavily drained
A: no striking features
a: Renounce Religion


You were on level 3 of the Dungeon.
You worshipped Vehumet.
Vehumet was noncommittal.
You visited 1 branch of the dungeon, and saw 4 of its levels.

You collected 75 gold pieces.
You spent 28 gold pieces at shops.

Inventory:

Hand Weapons
 d - the +3 Elemental Staff (weapon) {rElec rF++ rC++ Will++ AC+5}
   (You acquired it on level 3 of the Dungeon)

   If the wielder is skilled in Evocations, they can discharge powerful blasts
   of elemental energy when striking with it.
   It enhances your fire, ice, earth and air magic.
   AC:        It affects your AC (+5).
   rF:        It greatly protects you from fire.
   rC:        It greatly protects you from cold.
   rElec:     It insulates you from electricity.
   Will:      It greatly increases your willpower.
Armour
 a - a +0 robe (worn)
 k - a +0 pair of gloves (worn)
Jewellery
 e - an amulet of the acrobat (around neck)
 g - a ring of positive energy (left hand)
 h - a ring of flight
Scrolls
 b - a scroll of magic mapping
 f - a scroll of enchant armour {unknown}
 j - 4 scrolls of identify
 l - a scroll of noise {unknown}
 m - a scroll of fog {unknown}
Potions
 i - 4 potions of curing
 n - a potion of magic {unknown}


   Skills:
 + Level 2.0 Fighting
 + Level 1.2 Staves
 + Level 3.9 Dodging
 - Level 2.4 Stealth
 + Level 4.5 Spellcasting
 + Level 3.0 Conjurations
 + Level 4.4 Fire Magic
 + Level 1.4 Evocations


You had 6 spell levels left.
You knew the following spells:

 Your Spells              Type           Power      Damage    Failure   Level
a - Foxfire               Conj/Fire      100%       2x1d9     2%          1
b - Conjure Flame         Conj/Fire      32%        6-21      7%          3
c - Sticky Flame          Conj/Fire      32%        2d5       22%         4

Your spell library contained the following spells:

 Spells                   Type           Power      Damage    Failure   Level
 Inner Flame              Hex/Fire       22%        N/A       13%         3
 Fireball                 Conj/Fire      16%        3d8       54%         5


Dungeon Overview and Level Annotations

Branches:
Dungeon (4/15)
 Temple: D:4-7

Altars:
Nemelex Xobeh
Trog
Vehumet
Yredelemnul

Shops:
D:2 ?   D:3 :

Annotations:
D:3 Duvessa
D:4 1 runed translucent door, Eustachio; Sigmund; pokeman's ghost, amateur DEWz


Message History

You hear a shout!
Sigmund shouts!
Sigmund casts a spell.
Sigmund flickers and vanishes!
Deactivating autopickup; reactivate with Ctrl-A.
Duvessa completely misses you. Something closely misses you.
A kobold comes into view. It is wielding a +0 short sword.
Duvessa misses you.
The kobold throws a stone.
The stone completely misses you. Duvessa misses you.
Duvessa rages.
The kobold throws a stone.
The stone hits you but does no damage. Duvessa completely misses you.
Duvessa closely misses you.
Duvessa is no longer berserk.
There is a stone staircase leading up here.
Things that are here:
a +0 flail; an orc skeleton Duvessa closely misses you.
You climb upwards.
Reactivating autopickup.
There is a stone staircase leading down here.
Duvessa says, "His death shall not be in vain!"
Duvessa zaps a wand.
Some rock shatters into small pieces.
The now-empty wand crumbles to dust.
Duvessa looks more energetic.
Duvessa grits her teeth and focuses.
Duvessa closely misses you.
Duvessa hits you with a +2 short sword of draining!
You partially resist.
You feel drained.
It was a potion of might.
You feel very mighty all of a sudden.
Duvessa is no longer moving quickly.
Duvessa closely misses you.
Duvessa hits you with a +2 short sword of draining!
* * * LOW HITPOINT WARNING * * *
You partially resist.
You feel drained.
* * * LOW HITPOINT WARNING * * *
You feel better.
Duvessa hits you with a +2 short sword of draining!
You die...

####### ......#
#####.########### ## .##
#...........###### #.#
.∩# #.###.......@e...#
#.# .####.#
#.#####.####.##.#
......# #.# #.# #.#.#
#####.###.# #.# #..#
..........# #.# ##.##
#####.#########.###..###
# #.###.^.#8#..>.....# #
#.#.#.#.#^#..###.#.#
#####.#.#.....#.## #.#.#


You could see Duvessa.

Vanquished Creatures
  An ogre (D:4)
  Dowan (D:4)
  A jelly (D:4)
  An orc priest (D:3)
  2 gnolls (D:4)
  5 adders
  A worm (D:3)
  A dart slug (D:2)
  4 orcs
  10 ball pythons
  6 endoplasms
  6 giant cockroaches (D:1)
  6 goblins
  5 hobgoblins
  8 jackals
  4 kobolds
  3 quokkas
  3 bats
  3 frilled lizards
  3 rats
74 creatures vanquished.

Vanquished Creatures (others)
  177 foxfires
177 creatures vanquished.

Grand Total: 251 creatures vanquished

Notes
Turn   | Place    | Note
-------+----------+-------------------------------------------
     0 | D:1      | voltaire321 the Deep Elf Fire Elementalist began the quest
                  | for the Orb.
     0 | D:1      | Reached XP level 1. HP: 10/10 MP: 6/6
   215 | D:1      | Reached XP level 2. HP: 15/15 MP: 2/8
   653 | D:1      | Reached XP level 3. HP: 20/20 MP: 9/9
  1159 | D:2      | Learned a level 3 spell: Conjure Flame
  1166 | D:2      | Reached skill level 1 in Fighting
  1247 | D:2      | Found Iceb's Magic Scroll Emporium.
  1255 | D:2      | Bought a scroll of identify for 28 gold pieces
  1294 | D:2      | Found a basalt altar of Yredelemnul.
  1920 | D:2      | Reached XP level 4. HP: 25/25 MP: 7/11
  2020 | D:3      | Identified a scroll of acquirement
  2020 | D:3      | Acquired the +3 Elemental Staff {rElec rF++ rC++ Will++
                  | AC+5}
  2021 | D:3      | Found the +3 Elemental Staff {rElec rF++ rC++ Will++ AC+5}
  2107 | D:3      | Found Omywauki's Book Shop.
  2133 | D:3      | Found a sparkling altar of Nemelex Xobeh.
  2191 | D:3      | Found a faded altar of an unknown god.
  2685 | D:3      | Found a radiant altar of Vehumet.
  2700 | D:3      | Learned a level 4 spell: Sticky Flame
  2769 | D:3      | Became a worshipper of Vehumet
  2914 | D:3      | Found a bloodstained altar of Trog.
  2977 | D:4      | Noticed Duvessa
  2977 | D:4      | Noticed Dowan
  3027 | D:4      | Noticed an ogre
  3032 | D:4      | Reached XP level 5. HP: 26/29 MP: 10/13
  3091 | D:4      | Found a runed translucent door.
  3100 | D:4      | Noticed Sigmund
  3106 | D:4      | Killed an ogre
  3107 | D:4      | Reached skill level 1 in Evocations
  3107 | D:4      | Noticed pokeman's ghost (amateur DEWz)
  3301 | D:4      | Reached XP level 6. HP: 35/35 MP: 10/14
  3303 | D:4      | Noticed Eustachio
  3305 | D:4      | Reached skill level 1 in Staves
  3484 | D:4      | Killed Dowan
  3526 | D:3      | HP: 1/30 [Duvessa (1)]
  3527 | D:3      | Slain by Duvessa

Illustrated notes

Levels and vault maps discovered:
D:1:      shiori_arrival_maze, layout_basic, minmay_worlds_worst_comb
D:2:      layout_basic, serial_shops, shop, basic_altar
D:3:      layout_loops_ring, lightli_temple_of_fire,
          nicolae_vehumet_altar_sigil, lemuel_tele_altar,
          shapermc_ecumenical_altar_mp_highgroup, serial_shops, shop
D:4:      layout_rooms, lemuel_doored_altar, ebering_ghost_sewer_d,
          minmay_fractal_squares_5, uniq_eustachio, uniq_sigmund, uniq_duvessa

Skill      XL: |  1  2  3  4  5  6 |
---------------+-------------------+-----
Dodging        | 3 |  3.9
Fighting       | 1 2 |  2.0
Conjurations   | 2 3 |  3.0
Spellcasting   | 4 |  4.5
Fire Magic     | 4 |  4.4
Evocations     | 1 |  1.4
Staves         | 1 |  1.2
Stealth        | |  2.4

Action                   |  1- 3 |  4- 6 || total
-------------------------+-------+-------++-------
Melee: Dagger            |    26 |       ||    26
       Staff             |       |     7 ||     7
 Cast: Foxfire           |    39 |    64 ||   103
       Conjure Flame     |       |     1 ||     1
  Use: Scroll            |     1 |     2 ||     3
       Potion            |       |     2 ||     2
 Stab: Sleeping          |     4 |       ||     4
Armor: Robe              |     3 |    10 ||    13
Dodge: Dodged            |    24 |    71 ||    95

Table legend: (Time is in decaauts)
 A = Elapsed time spent in this place.
 B = Non-inter-level travel time spent in this place.
 C = Inter-level travel time spent in this place.
 D = Time resting spent in this place.
 E = Time spent auto-exploring this place.
 F = Levels seen in this place.
 G = Mean time per level.
                   A        B        C        D        E       F      G
               +--------+--------+--------+--------+--------+-----+--------+
         Total |   3531 |   3350 |    181 |    449 |   2024 |   4 |  882.8 |
       Dungeon |   3531 |   3350 |    181 |    449 |   2024 |   4 |  882.8 |
               +--------+--------+--------+--------+--------+-----+--------+

Top non-repeatable levels by time:
     D:3: 1226 daAuts
     D:1: 1010 daAuts
     D:2: 969 daAuts
     D:4: 325 daAuts
